 Dungeon Crawl Stone Soup version 0.31-a0-1074-g0b22e4e0f1 (webtiles) character file.

Game seed: 16821626812675415780

2808 horus123 the Geomancer (level 9, -1/45 HPs)
             Began as a Deep Elf Earth Elementalist on Dec 6, 2023.
             Slain by an orc warrior
             ... wielding a +0 broad axe
              (7 damage)
             ... in a bailey.
             The game lasted 00:10:51 (5645 turns).

horus123 the Geomancer (DEEE)                       Turns: 5645, Time: 00:10:52

Health: -1/45      AC: 11    Str:  7    XL:     9   Next: 44%
Magic:  13/23      EV: 12    Int: 23    God:
Gold:   380        SH:  5    Dex: 18    Spells: 2/24 levels left

rFire   . . .        w - +2 dagger (holy)
rCold   + . .        (no shield)
rNeg    . . .        H - +1 leather armour {rC+}
rPois   .            (no helmet)
rElec   +            d - +1 cloak
rCorr   .            o - +2 pair of gloves of the Iron City of Dis {rElec Dex+3 Slay+3}
SInv    +            r - +0 pair of boots
Will    +....        u - amulet of reflection
Stlth   ++           C - ring of see invisible
HPRegen 0.27/turn    s - ring of willpower
MPRegen 0.18/turn

%: reflection
@: lethally poisoned (-1 -> -2)
A: no striking features
a: no special abilities


You were in a bailey.
You visited 1 branch of the dungeon, and saw 7 of its levels.
You also visited: Bailey.

You collected 380 gold pieces.

Inventory:

Hand Weapons
 k - the +2 whip "Pemmintao" {flame, rC+ Stlth+}
   (You found it on level 2 of the Dungeon)

   rC+:       It protects you from cold.
   Stlth+:    It makes you more stealthy.
 t - a +3 quarterstaff of chaos
 w - a +2 dagger of holy wrath (weapon)
 x - a +0 falchion
Armour
 a - a +0 robe
 d - a +1 cloak (worn)
 o - the +2 pair of gloves of the Iron City of Dis (worn) {rElec Dex+3 Slay+3}
   (You found it on level 2 of the Dungeon)

   Dex+3:     It affects your dexterity (+3).
   Slay+3:    It affects your accuracy & damage with ranged weapons and melee
   (+3).
   rElec:     It insulates you from electricity.
 r - a +0 pair of boots (worn)
 H - a +1 leather armour of cold resistance (worn)
Jewellery
 n - a ring of protection from cold
 q - an amulet of the acrobat
 s - a ring of willpower (right hand)
 u - an amulet of reflection (around neck)
 y - a ring of ice
 C - a ring of see invisible (left hand)
Wands
 p - a wand of charming (13)
 B - a wand of polymorph (5)
 E - a wand of digging (7)
 F - a wand of iceblast (4)
 I - a wand of flame (8)
Scrolls
 c - 2 scrolls of immolation
 g - 3 scrolls of butterflies
 h - 2 scrolls of noise
 j - a scroll of poison
 m - 2 scrolls of teleportation
 z - a scroll of torment
 A - a scroll of vulnerability
 D - a scroll of fog {unknown}
 J - a scroll of enchant weapon {unknown}
 K - a scroll of silence {unknown}
Potions
 b - 2 potions of magic
 e - a potion of haste {unknown}
 f - a potion of resistance {unknown}
 i - a potion of mutation {unknown}
 l - 2 potions of brilliance {unknown}
 v - a potion of heal wounds {unknown}
 G - a potion of curing {unknown}


   Skills:
 - Level 4.1 Short Blades
 - Level 4.1 Armour
 - Level 2.4 Dodging
 - Level 2.4 Stealth
 - Level 8.0 Spellcasting
 - Level 5.0 Conjurations
 - Level 3.0 Transmutations
 + Level 9.3 Earth Magic


You had 2 spell levels left.
You knew the following spells:

 Your Spells              Type           Power      Damage    Failure   Level
a - Sandblast             Erth           100%       2d20      1%          1
b - Passwall              Tmut/Erth      30%        N/A       1%          2
c - Stone Arrow           Conj/Erth      84%        3d12      1%          3
d - Brom's Barrelling Bo  Conj/Erth      42%        2d6       5%          4
e - Petrify               Tmut/Erth      37%        N/A       8%          4
f - Teleport Other        Tloc           9%         N/A       30%         3
g - Borgnjor's Vile Clut  Necr/Erth      15%        N/A       38%         5

Your spell library contained the following spells:

 Spells                   Type           Power      Damage    Failure   Level
 Kiss of Death            Conj/Necr      80%        2d11      3%          1
 Lesser Beckoning         Tloc           18%        N/A       16%         2
 Leda's Liquefaction      Hex/Erth       15%        N/A       16%         4
 Call Canine Familiar     Summ           9%         N/A       30%         3
 Confusing Touch          Hex            9%         N/A       30%         3
 Gell's Gravitas          Tloc           9%         N/A       30%         3
 Inner Flame              Hex/Fire       9%         N/A       30%         3
 Sigil of Binding         Hex            9%         N/A       30%         3
 Flame Wave               Conj/Fire      20%        2d7       34%         4
 Sticky Flame             Conj/Fire      20%        2d4       34%         4
 Animate Dead             Necr           9%         N/A       69%         4
 Dimensional Bullseye     Hex/Tloc       4%         N/A       69%         4
 Dispel Undead            Necr           9%         3d8       69%         4
 Death Channel            Necr           4%         N/A       100%        6


Dungeon Overview and Level Annotations

Branches:
Dungeon (7/15)             Temple (0/1) D:6          Bailey (1/1)

Altars:
Elyvilon
Hepliaklqana
Nemelex Xobeh
Trog
Uskayaw

Shops:
D:2 !   D:3 ::   D:5 *

Portals:
Abyss: D:4

Annotations:
D:4 2 transporters, kd29's ghost, amateur DrSh


Message History

The blast of sand hits the kobold brigand!!
You kill the kobold brigand!
You feel very sick.
The kobold brigand throws a curare-tipped dart.
You block the curare-tipped dart with an invisible shield... and reflect it back!
The curare-tipped dart hits the kobold brigand.
The kobold brigand is poisoned.
The kobold brigand convulses.
The kobold brigand seems to slow down.
The blast of sand hits the kobold brigand!!
You kill the kobold brigand!
You feel very sick.
Your Earth Magic skill increases to level 9!
The blast of sand hits the orc warrior but does no damage.
You feel sick.
The orc warrior hits you but does no damage.
The blast of sand hits the orc warrior!!
The orc warrior is almost dead.
You feel sick. The orc warrior barely misses you.
The orc warrior closely misses you.
The orc warrior hits you with a +0 war axe.
The orc warrior hits you with a +0 broad axe!
* * * LOW HITPOINT WARNING * * *
Casting: Sandblast (safe; 1% risk of failure)
Confirm with . or Enter, or press ? or * to list all spells.
Aiming: Stone Arrow (safe; 1% risk of failure)
Press: ? - help, Shift-Dir - straight line, f/p - orc warrior
Aim: an orc warrior, wielding a +0 war axe and wearing a +0 scale mail (almost dead, 70% to hit)
The stone arrow hits the orc warrior!
You kill the orc warrior!
You feel sick.
The orc warrior hits you with a +0 broad axe.
* * * LOW HITPOINT WARNING * * *
Casting: Stone Arrow (safe; 1% risk of failure)
Confirm with . or Enter, or press ? or * to list all spells.
Aiming: Stone Arrow (safe; 1% risk of failure)
Press: ? - help, Shift-Dir - straight line, f - orc warrior
Aim: an orc warrior, wielding a +0 broad axe and wearing a +0 ring mail (70% to hit)
The stone arrow misses the orc warrior.
You feel sick.
The orc warrior hits you with a +0 broad axe!
You die...

#.............#
.oK............
....K..........
...........
....... #...#
###)### ##.oo..##
#..@8K..#
#∩....(∩#
##.....##
####'''####
#~.......~##
#~~.......~~#####
..~~.......~~....#
##~~.......~~###.#
..~~.......~~....#


You could see 2 orc warriors and a kobold brigand (poisoned, slow).

Vanquished Creatures
  Pikel (D:5)
  Grinder (D:3)
  Sigmund (D:5)
  Eustachio (D:5)
  A water moccasin (D:7)
  2 ice beasts (D:6)
  2 orc warriors
  A sky beast (D:6)
  A lemure (D:5)
  2 bullfrogs
  6 kobold brigands (Bailey)
  4 wights (D:6)
  An orc priest (D:3)
  3 hounds
  Crazy Yiuf (D:2)
  2 jellies
  3 sleepcaps
  2 iguanas
  3 orc wizards (D:6)
  6 adders
  A shadow imp (D:6)
  2 ufetubi (D:6)
  2 worms (D:2)
  4 dart slugs
  13 orcs
  6 endoplasms
  3 giant cockroaches
  9 goblins
  5 hobgoblins
  2 jackals (D:4)
  4 quokkas
  8 ball pythons
  6 bats
  5 frilled lizards
  15 kobolds
  A rat (D:1)
130 creatures vanquished.

Notes
Turn   | Place    | Note
-------+----------+-------------------------------------------
     0 | D:1      | horus123 the Deep Elf Earth Elementalist began the quest
                  | for the Orb.
     0 | D:1      | Reached XP level 1. HP: 10/10 MP: 6/6
   197 | D:1      | Reached XP level 2. HP: 15/15 MP: 7/9
   925 | D:2      | Reached XP level 3. HP: 19/19 MP: 7/11
   928 | D:2      | Learned a level 2 spell: Passwall
   958 | D:2      | Found Loicuaxa's Distillery.
   964 | D:2      | Reached skill level 5 in Spellcasting
  1067 | D:2      | Found a faded altar of an unknown god.
  1103 | D:2      | Identified the +2 pair of gloves of the Iron City of Dis
                  | {rElec Dex+3 Slay+3}
  1132 | D:2      | Identified the +2 whip "Pemmintao" {flame, rC+ Stlth+}
  1426 | D:2      | Found a runed translucent door.
  1427 | D:2      | Noticed Crazy Yiuf
  1432 | D:2      | Killed Crazy Yiuf
  1433 | D:2      | Reached XP level 4. HP: 24/24 MP: 10/13
  1571 | D:2      | Learned a level 3 spell: Stone Arrow
  1576 | D:2      | Learned a level 4 spell: Brom's Barrelling Boulder
  1762 | D:3      | Found a hazy altar of Hepliaklqana.
  1840 | D:3      | Noticed Grinder
  1851 | D:3      | Killed Grinder
  1852 | D:3      | Reached skill level 5 in Earth Magic
  1852 | D:3      | Reached XP level 5. HP: 18/28 MP: 6/14
  1852 | D:3      | Reached XP level 6. HP: 21/32 MP: 6/15
  1939 | D:3      | Found Erghuadi's Book Shop.
  1953 | D:3      | Learned a level 4 spell: Petrify
  1980 | D:3      | Reached skill level 6 in Earth Magic
  2136 | D:3      | Found Geshif's Vocational Training.
  2164 | D:3      | Found a white marble altar of Elyvilon.
  2324 | D:3      | Found a sparkling altar of Nemelex Xobeh.
  2852 | D:4      | Found a transporter.
  2859 | D:4      | Found a one-way gate to the infinite horrors of the Abyss.
  2859 | D:4      | Noticed kd29's ghost (amateur DrSh)
  3006 | D:4      | Found a transporter.
  3443 | D:5      | Entered Level 5 of the Dungeon
  3448 | D:5      | Found a hide-covered altar of Uskayaw.
  3455 | D:5      | Reached skill level 7 in Earth Magic
  3526 | D:5      | Found a bloodstained altar of Trog.
  3628 | D:5      | Noticed Eustachio
  3635 | D:5      | Killed Eustachio
  3636 | D:5      | Reached XP level 7. HP: 36/36 MP: 10/16
  3872 | D:5      | Noticed Pikel
  3887 | D:5      | Killed Pikel
  3888 | D:5      | Reached skill level 5 in Conjurations
  3888 | D:5      | Reached XP level 8. HP: 33/41 MP: 10/17
  4085 | D:5      | Found Luadu's General Store.
  4146 | D:5      | Noticed Sigmund
  4151 | D:5      | Killed Sigmund
  4238 | D:5      | Learned a level 3 spell: Teleport Other
  4839 | D:6      | Reached XP level 9. HP: 39/45 MP: 18/22
  4853 | D:6      | Learned a level 5 spell: Borgnjor's Vile Clutch
  4948 | D:6      | Found a staircase to the Ecumenical Temple.
  5413 | D:7      | Found a flagged portal.
  5512 | Bailey   | Entered a bailey
  5531 | Bailey   | Reached skill level 8 in Earth Magic
  5642 | Bailey   | Reached skill level 9 in Earth Magic
  5645 | Bailey   | Slain by an orc warrior

Illustrated notes

Levels and vault maps discovered:
D:1:      amcnicky_arrival_double_pillar, layout_basic, minmay_splitting_lines,
          minmay_pentomino_u4
D:2:      layout_basic, shapermc_ecumenical_altar_mp_urbaneastern,
          serial_curves, eino_curves_03, eino_curves_01, serial_shops,
          nicolae_diamond_shop, uniq_crazy_yiuf_cottage
D:3:      layout_basic, mainiacjoe_overflow_tiny_flanked,
          nicolae_hepliaklqana_hazy_memory, elyvilon_altar_5, serial_shops,
          shop, nicolae_shop_vocational, uniq_grinder
D:4:      layout_basic, gammafunk_ghost_abyssal_escape
D:5:      layout_loops_cross, nicolae_uskayaw_murder_on_the_dancefloor,
          mainiacjoe_overflow_chevrons, serial_shops, shop,
          chequers_serial_rivers_small_3, uniq_eustachio, uniq_sigmund,
          uniq_pikel
D:6:      layout_basic, minmay_temple_entry_stoned_glass
D:7:      layout_loops_ring, pdpol_temple_overflow_zin_treasury_gozag_greed,
          enter_bailey_5
Bailey:   bailey_axe_3, bailey

Skill      XL: |  1  2  3  4  5  6  7  8  9 |
---------------+----------------------------+-----
Spellcasting   | 4 5 7 8 |  8.0
Transmutations | 2 3 |  3.0
Earth Magic    | 5 7 9 |  9.3
Conjurations   | 3 5 |  5.0
Short Blades   | 4 |  4.1
Armour         | 4 |  4.1
Dodging        | |  2.4
Stealth        | |  2.4

Action                     |  1- 3 |  4- 6 |  7- 9 || total
---------------------------+-------+-------+-------++-------
  Melee: Quarterstaff      |       |     2 |       ||     2
         Dagger            |       |       |     1 ||     1
   Cast: Sandblast         |    47 |    64 |   111 ||   222
         Stone Arrow       |       |       |     5 ||     5
    Use: Scroll            |       |     8 |     2 ||    10
   Stab: Sleeping          |       |     1 |       ||     1
 Armour: Robe              |     6 |     9 |       ||    15
         Leather armour    |       |       |    43 ||    43
  Dodge: Dodged            |     4 |     6 |    37 ||    47
  Block: Other             |       |     2 |    16 ||    18
         Reflection        |       |       |     7 ||     7

Table legend: (Time is in decaauts)
 A = Elapsed time spent in this place.
 B = Non-inter-level travel time spent in this place.
 C = Inter-level travel time spent in this place.
 D = Time resting spent in this place.
 E = Time spent auto-exploring this place.
 F = Levels seen in this place.
 G = Mean time per level.
                   A        B        C        D        E       F      G
               +--------+--------+--------+--------+--------+-----+--------+
         Total |   5759 |   5648 |    111 |    346 |   4375 |   8 |  719.9 |
       Dungeon |   5613 |   5502 |    111 |    288 |   4341 |   7 |  801.9 |
        Bailey |    146 |    146 |      0 |     58 |     34 |   1 |  146.0 |
               +--------+--------+--------+--------+--------+-----+--------+

Top non-repeatable levels by time:
     D:6: 990 daAuts
     D:5: 965 daAuts
     D:2: 928 daAuts
     D:4: 898 daAuts
     D:1: 858 daAuts
     D:3: 804 daAuts
     D:7: 166 daAuts
  Bailey: 146 daAuts
